 Dungeon Crawl Stone Soup version 0.22.1-1-ga44c0e5 (webtiles) character file.

224 Fang the Chopper (level 6, -3/38 HPs)
             Began as a Gargoyle Berserker on Sept 25, 2018.
             Was a Priest of Trog.
             Slain by a gnoll
             ... wielding a +0 spear
              (4 damage)
             ... on level 3 of the Dungeon on Sept 26, 2018.
             The game lasted 00:02:25 (2148 turns).

Fang the Chopper (Gargoyle Berserker)               Turns: 2148, Time: 00:02:25

Health: -3/38      AC:  6    Str: 22    XL:     6   Next: 0%
Magic:  6/6        EV: 12    Int:  8    God:    Trog [***...]
Gold:   125        SH:  0    Dex:  9    Spells: 5/5 levels left

rFire    . . .     SeeInvis .   a - +0 hand axe
rCold    . . .     Gourm    .   (no shield)
rNeg     + . .     Faith    .   b - +0 animal skin
rPois    ∞         Spirit   .   (no helmet)
rElec    +         Reflect  .   (no cloak)
rCorr    .         Harm     .   (no gloves)
MR       .....                  (no boots)
Stlth    +.........             (no amulet)
HPRegen  0.12/turn              (no ring)
MPRegen  0.10/turn              (no ring)

@: berserk cooldown, slowed, very slow
A: negative energy resistance 1, electricity resistance, unbreathing,
petrification resistance, rot immunity, AC +4
a: Berserk, Trog's Hand, Renounce Religion


You were on level 3 of the Dungeon.
You worshipped Trog.
Trog was most pleased with you.
You were near starving.

You visited 1 branch of the dungeon, and saw 3 of its levels.

You collected 125 gold pieces.

Inventory:

Hand Weapons
 a - a +0 hand axe (weapon)
Armour
 b - a +0 animal skin (worn)
Jewellery
 o - an uncursed ring of protection from magic {unknown}
Wands
 p - a wand of scattershot (6)
Scrolls
 e - 4 scrolls of identify {unknown}
 f - 2 scrolls of fog {unknown}
 g - 4 scrolls of fear {unknown}
 h - a scroll of amnesia {unknown}
 j - 2 scrolls of enchant armour {unknown}
 l - a scroll of immolation {unknown}
 n - 2 scrolls of remove curse {unknown}
Potions
 d - 2 potions of magic {unknown}
 i - a potion of brilliance {unknown}
 k - a potion of heal wounds {unknown}
 m - a potion of lignification {unknown}
Comestibles
 c - 2 rations


   Skills:
 + Level 4.2 Fighting
 + Level 4.6 Axes
 + Level 2.4 Armour
 + Level 2.8 Dodging
 + Level 0.4 Stealth


You had 5 spell levels left.
You didn't know any spells.
Your spell library was empty.

Dungeon Overview and Level Annotations

Branches:
Dungeon (3/15)

Altars:
Gozag


Innate Abilities, Weirdness & Mutations

You are resistant to torment.
Your stone body is resilient. (AC +4)
You are immune to poison.
You resist negative energy. (rN+)
You are resistant to electric shocks. (rElec)
You can survive without breathing.
You are immune to petrification.
You are immune to rotting.


Message History

Your experience leads to an increase in your attributes!
Increase (S)trength, (I)ntelligence, or (D)exterity?
You feel stronger.
The gnoll hits you from afar with a spear.
* * * LOW HITPOINT WARNING * * *
The gnoll closely misses you. The gnoll barely misses you.
Things that are here:
a spear; a gnoll corpse You barely miss the gnoll.
The gnoll closely misses you. The gnoll hits you but does no damage.
You closely miss the gnoll. The gnoll barely misses you. x2
You hit the gnoll.
The gnoll is moderately wounded.
The gnoll hits you with a spear.
* * * LOW HITPOINT WARNING * * *
You hit the gnoll but do no damage.
The gnoll is moderately wounded.
The gnoll barely misses you. The gnoll hits you with a spear.
You die...

####.#### #...#
........# ##.##
#......# #.#
#.....#######.#
#.............#
....#..#########
# #.#..#
#..###.#.)#
#.....g@..#
..........#
######.#### #.
#. .. #. ..


You could see a gnoll.

Vanquished Creatures
  3 orc wizards (D:2)
  2 gnolls (D:3)
  4 adders
  An ooze (D:1)
  3 worms (D:2)
  A dart slug (D:3)
  A leopard gecko (D:1)
  6 orcs
  6 bats
  3 giant cockroaches
  8 goblins
  6 hobgoblins
  10 jackals
  A quokka (D:2)
  5 frilled lizards
  6 kobolds
  5 rats
71 creatures vanquished.

Notes
Turn   | Place    | Note
-------+----------+-------------------------------------------
     0 | D:1      | Fang the Gargoyle Berserker began the quest for the Orb.
     0 | D:1      | Reached XP level 1. HP: 14/14 MP: 1/1
   157 | D:1      | Reached XP level 2. HP: 14/19 MP: 2/2
   466 | D:1      | Reached XP level 3. HP: 22/23 MP: 3/3
   701 | D:1      | Reached ** piety under Trog
   980 | D:2      | Reached XP level 4. HP: 19/29 MP: 4/4
  1436 | D:2      | Found an opulent altar of Gozag.
  1460 | D:2      | Reached XP level 5. HP: 32/33 MP: 5/5
  2132 | D:3      | Reached *** piety under Trog
  2143 | D:3      | Reached XP level 6. HP: 10/38 MP: 6/6
  2147 | D:3      | HP: 1/38 [gnoll/spear (6)]
  2148 | D:3      | Slain by a gnoll

Skill      XL: |  1  2  3  4  5 |
---------------+----------------+-----
Axes           | 3 4 |  4.6
Dodging        | 2 |  2.8
Fighting       | 4 |  4.2
Armour         | |  2.4
Stealth        | |  0.4

Action                   |  1- 3 |  4- 6 || total
-------------------------+-------+-------++-------
Melee: Hand axe          |   108 |   157 ||   265
Invok: Berserk           |     1 |     2 ||     3
  Eat: Chunk             |     1 |     1 ||     2
       Ration            |       |     1 ||     1
Armor: Animal skin       |    32 |    58 ||    90
Dodge: Dodged            |    91 |   115 ||   206
